 Dungeon Crawl Stone Soup version 0.27-a0-1187-ge80a49f48c (webtiles) character file.

Game seed: 3717548510691170731

321 EldarEldrad the Chopper (level 6, -13/84 HPs)
             Began as a Minotaur Berserker on May 20, 2021.
             Was a Believer of Trog.
             Mangled by an orc warrior
             ... wielding a +0 battleaxe
              (18 damage)
             ... on level 4 of the Dungeon.
             The game lasted 00:11:11 (2867 turns).

EldarEldrad the Chopper (Minotaur Berserker)        Turns: 2867, Time: 00:11:12

Health: -13/84     AC:  4    Str: 23    XL:     6   Next: 22%
Magic:  5/5        EV: 11    Int:  4    God:    Trog [**....]
Gold:   280        SH:  0    Dex: 10    Spells: 5/5 levels left

rFire    x . .     SeeInvis .   a - +0 hand axe
rCold    + . .     Faith    .   (no shield)
rNeg     . . .     Spirit   .   z - +0 leather armour
rPois    .         Reflect  .   (helmet restricted)
rElec    .         Harm     .   (no cloak)
rCorr    .         Rampage  .   (no gloves)
Will     +++..                  b - +0 pair of boots
Stlth    ..........             (no amulet)
HPRegen  1.24/turn              B - ring "Mohe" {Ice Will+ Stlth+}
MPRegen  0.09/turn              (no ring)

@: berserking, strong-willed, regenerating, very quick
A: horns 2, retaliatory headbutt
a: Renounce Religion, Berserk, Trog's Hand


You were on level 4 of the Dungeon.
You worshipped Trog.
Trog was pleased with you.
You visited 1 branch of the dungeon, and saw 5 of its levels.

You collected 280 gold pieces.

Inventory:

Hand Weapons
 a - a +0 hand axe (weapon)
 k - a +0 war axe
Missiles
 q - 16 poisoned darts (quivered)
Armour
 b - a +0 pair of boots (worn)
 c - a +0 chain mail
 e - a +0 scale mail
 w - a +0 plate armour
 z - a +0 leather armour (worn)
 A - a +0 ring mail
Jewellery
 r - an amulet of faith
 B - the ring "Mohe" (left hand) {Ice Will+ Stlth+}
   (You took it off a kobold on level 4 of the Dungeon)

   [ring of ice]

   It enhances your ice magic.
   It makes you vulnerable to fire.
   It protects you from cold.
   It increases your willpower.
   It makes you more stealthy.
Wands
 d - a wand of flame (39)
Scrolls
 f - a scroll of enchant armour {unknown}
 j - a scroll of teleportation {unknown}
 l - 2 scrolls of noise {unknown}
 m - a scroll of immolation {unknown}
 n - 2 scrolls of blinking {unknown}
 o - 2 scrolls of brand weapon {unknown}
 p - a scroll of identify {unknown}
 t - 3 scrolls of vulnerability {unknown}
 y - a scroll of fog {unknown}
 C - a scroll of magic mapping {unknown}
Potions
 g - a potion of flight {unknown}
 h - 2 potions of curing {unknown}
 i - 2 potions of attraction {unknown}
 s - a potion of might {unknown}
 u - a potion of mutation {unknown}
 v - a potion of haste {unknown}
 x - a potion of degeneration {unknown}


   Skills:
 - Level 5.0 Fighting
 * Level 6.9 Axes
 + Level 2.5 Throwing
 - Level 2.4 Armour
 - Level 2.1 Dodging


You had 5 spell levels left.
You didn't know any spells.
Your spell library was empty.

Dungeon Overview and Level Annotations

Branches:
Dungeon (5/15)
 Temple: D:4-7

Altars:
Dithmenos
The Shining One

Shops:
D:2 [


Innate Abilities, Weirdness & Mutations

You have a pair of horns on your head.
You reflexively headbutt those who attack you in melee.


Message History

You slash the orc priest!
The orc priest is heavily wounded.
The orc priest invokes the aid of Beogh against you.
You resist with some effort.
You hit the orc priest. You headbutt the orc priest.
You kill the orc priest!
Trog accepts your kill.
You hit the kobold.
You kill the kobold!
Trog accepts your kill.
An orc warrior comes into view. It is wielding a +0 battleaxe.
You strike the helpless orc warrior from behind!
You slash the orc warrior!
The orc warrior is moderately wounded.
The orc warrior hits you with a +0 battleaxe!
Your skin crawls.
You feel strong-willed. The orc warrior closely misses you.
You hit the orc warrior but do no damage.
The orc warrior is moderately wounded.
The orc warrior hits you with a +0 battleaxe!
The orc warrior barely misses you. You furiously retaliate!
You headbutt the orc warrior, but do no damage.
You hit the orc warrior but do no damage.
You headbutt the orc warrior!
The orc warrior is severely wounded.
The orc warrior closely misses you.
You hit the orc warrior.
The orc warrior is almost dead.
You closely miss the orc warrior. Your headbutt misses the orc warrior.
The orc warrior is almost dead.
The orc warrior hits you with a +0 battleaxe!!
You hit the orc warrior.
The orc warrior is almost dead.
The orc warrior hits you with a +0 battleaxe!
* * * LOW HITPOINT WARNING * * *
A red film seems to cover your vision as you go berserk!
You feel yourself moving faster!
You feel mighty!
The orc warrior hits you with a +0 battleaxe!!
You die...

######## #.)#...)#
>......# #.#....#
######.# .5.#..###
##...#.# oK.###.##
.'...#)# ...oo #.#
##.....#######. #.#
##........# o #.#
......###.#########.#
....#.# #....)..@o..#
....#.###############
.............######
....#.######.#....#
รท))).........>.##.#
###....#####.(..#.# #
#....## #....#.#
######..# #....#.#
#.......####..#.#.#


You could see an orc warrior.

Vanquished Creatures
  A jelly (D:4)
  A hound (D:4)
  An orc priest (D:4)
  2 bullfrog skeletons (D:3)
  2 orc wizards (D:4)
  2 adders (D:3)
  3 gnolls
  3 dart slugs
  A worm (D:3)
  9 orcs
  A ball python (D:4)
  6 bats
  3 endoplasms
  2 giant cockroaches (D:2)
  3 goblins
  3 hobgoblins
  6 jackals (D:2)
  3 quokkas
  3 frilled lizards (D:3)
  13 kobolds
  5 rats
73 creatures vanquished.

Notes
Turn   | Place    | Note
-------+----------+-------------------------------------------
     0 | D:1      | EldarEldrad the Minotaur Berserker began the quest for the
                  | Orb.
     0 | D:1      | Reached XP level 1. HP: 19/19 MP: 0/0
    92 | D:1      | Reached skill level 4 in Axes
   145 | D:1      | Found a faded altar of an unknown god.
   308 | D:1      | Reached XP level 2. HP: 26/27 MP: 1/1
   750 | D:2      | Found Meotrar's Antique Armour Shop.
   818 | D:2      | Reached XP level 3. HP: 33/33 MP: 2/2
   871 | D:2      | Reached ** piety under Trog
  1263 | D:3      | Found a shadowy altar of Dithmenos.
  1400 | D:3      | Reached skill level 5 in Axes
  1400 | D:3      | Reached XP level 4. HP: 35/41 MP: 3/3
  1658 | D:3      | Found a glowing golden altar of the Shining One.
  1752 | D:3      | Reached skill level 1 in Throwing
  1985 | D:4      | Reached XP level 5. HP: 44/47 MP: 4/4
  1997 | D:4      | Reached skill level 6 in Axes
  2117 | D:3      | Reached skill level 5 in Fighting
  2333 | D:5      | Entered Level 5 of the Dungeon
  2637 | D:4      | Identified the ring "Mohe" {Ice Will+ Stlth+}
  2818 | D:4      | Reached XP level 6. HP: 56/56 MP: 5/5
  2849 | D:4      | Reached *** piety under Trog
  2850 | D:4      | Noticed an orc warrior
  2866 | D:4      | HP: 2/56 [orc warrior/+0 battleaxe (16)]
  2867 | D:4      | Mangled by an orc warrior

Illustrated notes

Levels and vault maps discovered:
D:1:      dpeg_arrival_houses_and_road, layout_basic,
          hellmonk_ecumenical_altar_lost_god, minmay_misc_feat_four_crosses
D:2:      layout_rooms, serial_shops, shop
D:3:      layout_basic, amcnicky_altar_gilded, nicolae_overflow_hidden_temple
D:4:      layout_basic, hex_tiny, minmay_checkerbox
D:5:      layout_loops_ring, minitemple, minmay_fractal_squares_gapless_5,
          uniq_prince_ribbit1

Skill      XL: |  1  2  3  4  5 |
---------------+----------------+-----
Axes           | 4 5 6 |  6.9
Fighting       | 4 5 |  5.0
Throwing       | 1 2 |  2.5
Armour         | |  2.4
Dodging        | |  2.1

Action                   |  1- 3 |  4- 6 || total
-------------------------+-------+-------++-------
Melee: Hand axe          |    62 |   102 ||   164
       Headbutt          |     9 |    19 ||    28
Invok: Berserk           |       |     2 ||     2
       Trog's Hand       |       |     1 ||     1
 Stab: Sleeping          |     1 |       ||     1
       Distracted        |       |     1 ||     1
Armor: Animal skin       |     8 |     4 ||    12
       Leather armour    |       |     9 ||     9
Dodge: Dodged            |    43 |    72 ||   115

Table legend: (Time is in decaauts)
 A = Elapsed time spent in this place.
 B = Non-inter-level travel time spent in this place.
 C = Inter-level travel time spent in this place.
 D = Time resting spent in this place.
 E = Time spent auto-exploring this place.
 F = Levels seen in this place.
 G = Mean time per level.
                   A        B        C        D        E       F      G
               +--------+--------+--------+--------+--------+-----+--------+
         Total |   2880 |   2813 |     67 |    402 |   1675 |   5 |  576.0 |
       Dungeon |   2880 |   2813 |     67 |    402 |   1675 |   5 |  576.0 |
               +--------+--------+--------+--------+--------+-----+--------+

Top non-repeatable levels by time:
     D:3: 976 daAuts
     D:1: 672 daAuts
     D:4: 664 daAuts
     D:2: 565 daAuts
     D:5: 1 daAuts
